 Dungeon Crawl Stone Soup version 0.23.2-1-ga50397a (webtiles) character file.

Game seed: 694832123851901226

395203 troglodite the Peltast (level 21, -1/185 HPs)
             Began as a Demonspawn Fighter on May 7, 2019.
             Was the Champion of Dithmenos.
             Slain by a tengu reaver
             ... wielding a +2 long sword of holy wrath
              (31 damage)
             ... on level 5 of the Vaults on May 9, 2019.
             The game lasted 02:49:51 (40853 turns).

troglodite the Peltast (Demonspawn Fighter)        Turns: 40853, Time: 02:49:51

Health: -1/185     AC: 27    Str: 26    XL:     21   Next: 84%
Magic:  35/35      EV: 25    Int:  5    God:    Dithmenos [******]
Gold:   3571       SH: 24    Dex: 26    Spells: 41/41 levels left

rFire    + . .     SeeInvis +   H - +12 spear of the Endless Queens {pierce, +Inv rF+}
rCold    + . .     Gourm    .   h - +6 shield "Haixudu" {Slay+2}
rNeg     + . .     Faith    +   J - +6 leather armour of Repulsion {rPois rC+ rCorr Str+3}
rPois    +         Spirit   .   (helmet unavailable)
rElec    +         Reflect  .   z - +1 cloak of Pirywk {rElec rN+}
rCorr    +         Harm     .   N - +2 pair of gloves {Dex+3}
MR       +....                  C - +1 pair of boots of Idealism {Str+5 Int-5}
Stlth    +++++++...             c - amulet of Jeziodoz {Faith Dex+2 Slay+4}
HPRegen  8.40/turn              G - +4 ring of protection
MPRegen  0.24/turn              F - +6 ring of evasion

@: wreathed by umbra
A: antennae 3, yellow scales 3, demonic guardian 3, powered by death 3, robust 1
}: 3/15 runes: decaying, serpentine, silver
a: Shadow Step, Shadow Form, Renounce Religion, Evoke Invisibility


You were on level 5 of the Vaults.
You worshipped Dithmenos.
Dithmenos was exalted by your worship.
You were near starving.

You visited 7 branches of the dungeon, and saw 37 of its levels.
You visited the Abyss 1 time.
You also visited: Ice Cave and Volcano.

You collected 5059 gold pieces.
You spent 1488 gold pieces at shops.

Inventory:

Hand Weapons
 H - the +12 spear of the Endless Queens (weapon) {pierce, +Inv rF+}
   (You found it on level 10 of the Dungeon)

   It inflicts extra damage upon your enemies.
   It protects you from fire.
   It lets you turn invisible.
 U - the +4 falchion of Tudaogg {flame, rElec rF++}
   (You found it in an ice cave)

   It has been specially enchanted to burn those struck by it, causing extra
   injury to most foes and up to half again as much damage against particularly
   susceptible opponents.
   Big, fiery blades are also staple armaments of hydra-hunters.
   It greatly protects you from fire.
   It insulates you from electricity.
Armour
 h - the +6 shield "Haixudu" (worn) {Slay+2}
   (You found it on level 6 of the Dungeon)

   It affects your accuracy and damage with ranged weapons and melee attacks
   (+2).
 z - the +1 cloak of Pirywk (worn) {rElec rN+}
   (You found it on level 6 of the Lair of Beasts)

   It insulates you from electricity.
   It protects you from negative energy.
 C - the +1 pair of boots of Idealism (worn) {Str+5 Int-5}
   (You found it on level 9 of the Dungeon)

   It affects your strength (+5).
   It affects your intelligence (-5).
 J - the +6 leather armour of Repulsion (worn) {rPois rC+ rCorr Str+3}
   (You took it off an orc priest on level 10 of the Dungeon)

   It affects your strength (+3).
   It protects you from cold.
   It protects you from poison.
   It provides partial protection from all sources of acid and corrosion.
 N - a +2 pair of gloves of dexterity (worn)
 P - the +1 cloak of Starlight {rElec rC+ EV+4 Stlth--}
   (You found it on level 10 of the Dungeon)

   It affects your evasion (+4).
   It protects you from cold.
   It insulates you from electricity.
   It makes you much less stealthy.
 Q - the +6 chain mail of Weike {SInv}
   (You found it on level 10 of the Dungeon)

   It lets you see invisible.
Jewellery
 c - the amulet of Jeziodoz (around neck) {Faith Dex+2 Slay+4}
   (You found it on level 6 of the Dungeon)

   [amulet of faith]

   It allows you to gain divine favour quickly.
   It affects your dexterity (+2).
   It affects your accuracy and damage with ranged weapons and melee attacks
   (+4).
 e - an uncursed ring of protection from fire
 p - an uncursed ring of wizardry
 r - the ring "Gioddacs" {rPois rC+ rN++ MP+9 Stlth-}
   (You found it on level 2 of the Vaults)

   [ring of attention]

   It protects you from cold.
   It protects you from poison.
   It greatly protects you from negative energy.
   It affects your magic capacity (+9).
   It makes you less stealthy.
 t - an uncursed ring of protection from magic
 x - a +5 ring of evasion
 D - a +4 ring of strength
 F - a +6 ring of evasion (right hand)
 G - a +4 ring of protection (left hand)
 S - the ring "Foemmu" {*Corrode rN+ MP+9 Int+2 Stlth+}
   (You acquired it on level 5 of the Vaults)

   [ring of intelligence]

   It affects your intelligence (+2).
   It protects you from negative energy.
   It affects your magic capacity (+9).
   It may corrode you when you take damage.
   It makes you more stealthy.
 V - a +5 ring of strength
 W - an uncursed ring of positive energy
 X - an uncursed ring of poison resistance
 Z - an uncursed ring of flight
Wands
 a - a wand of iceblast (7)
 i - a wand of disintegration (6)
 B - a wand of enslavement (8)
Scrolls
 j - 29 scrolls of remove curse
 l - 6 scrolls of fog
 n - 9 scrolls of teleportation
 o - 6 scrolls of enchant weapon
 s - 5 scrolls of blinking
 u - 10 scrolls of enchant armour
 y - 6 scrolls of identify
 E - 7 scrolls of amnesia
 M - a scroll of fear
 O - 5 scrolls of magic mapping
Potions
 b - 4 potions of magic
 d - 10 potions of might
 g - 17 potions of curing
 k - 4 potions of heal wounds
 m - 8 potions of agility
 q - 2 potions of brilliance
 v - 7 potions of resistance
 w - 3 potions of ambrosia
 A - 7 potions of berserk rage
 I - 3 potions of lignification
 K - 2 potions of mutation
 L - 8 potions of haste
 R - 2 potions of flight
 T - 2 potions of cancellation
Comestibles
 f - 51 rations


   Skills:
 * Level 15.5 Fighting
 * Level 12.9 Long Blades
 * Level 15.4 Polearms
 * Level 13.2 Armour
 + Level 7.7 Dodging
 + Level 6.8 Stealth
 * Level 19.7 Shields
 * Level 10.9 Spellcasting


You had 41 spell levels left.
You didn't know any spells.
Your spell library contained the following spells:

 Spells                   Type           Power        Failure   Level  Hunger
 Animate Skeleton         Necr           N/A          19%         1    None
 Apportation              Tloc           #.....       19%         1    None
 Confusing Touch          Hex            #.....       19%         1    None
 Corona                   Hex            #......      19%         1    None
 Flame Tongue             Conj/Fire      #....        19%         1    None
 Infusion                 Chrm           #...         19%         1    None
 Pain                     Necr           #...         19%         1    None
 Summon Butterflies       Summ           #.......     19%         1    None
 Ensorcelled Hibernation  Hex/Ice        #.....       28%         2    ##.....
 Shroud of Golubria       Chrm/Tloc      #.........   28%         2    ##.....
 Slow                     Hex            #.......     28%         2    ##.....
 Song of Slaying          Chrm           #.......     28%         2    ##.....
 Throw Flame              Conj/Fire      #.....       28%         2    ##.....
 Confuse                  Hex            #.......     50%         3    ###....
 Conjure Flame            Conj/Fire      #.......     50%         3    ###....
 Dazzling Spray           Conj/Hex       #.....       50%         3    ###....
 Gell's Gravitas          Tloc           #.........   50%         3    ###....
 Ignite Poison            Fire/Tmut/Pois #.......     50%         3    ###....
 Inner Flame              Hex/Fire       #.......     50%         3    ###....
 Lesser Beckoning         Tloc           #.........   50%         3    ###....
 Mephitic Cloud           Conj/Pois/Air  #.......     50%         3    ###....
 Portal Projectile        Hex/Tloc       #.....       50%         3    ###....
 Regeneration             Chrm/Necr      #.........   50%         3    ###....
 Spectral Weapon          Hex/Chrm       #.......     50%         3    ###....
 Stone Arrow              Conj/Erth      #.....       50%         3    ###....
 Tukima's Dance           Hex            #.......     50%         3    ###....
 Vampiric Draining        Necr           #.........   50%         3    ###....
 Animate Dead             Necr           N/A          88%         4    ####...
 Cause Fear               Hex            #.........   88%         4    ####...
 Fulminant Prism          Conj/Hex       #.........   88%         4    ####...
 Ice Form                 Ice/Tmut       #.......     88%         4    ####...
 Leda's Liquefaction      Hex/Erth       #.........   88%         4    ####...
 Petrify                  Tmut/Erth      #.......     88%         4    ####...
 Sticky Flame             Conj/Fire      #.......     88%         4    ####...
 Summon Lightning Spire   Summ/Air       #.......     88%         4    ####...
 Alistair's Intoxication  Tmut/Pois      #.......     99%         5    ######.
 Fireball                 Conj/Fire      #.........   99%         5    ######.
 Metabolic Englaciation   Hex/Ice        #.........   99%         5    ######.
 Silence                  Hex/Air        #.........   99%         5    ######.
 Yara's Violent Unravell  Hex/Tmut       #.........   99%         5    ######.
 Bolt of Cold             Conj/Ice       #.........   100%        6    #######
 Bolt of Fire             Conj/Fire      #.........   100%        6    #######
 Conjure Ball Lightning   Conj/Air       #.........   100%        6    #######
 Deflect Missiles         Chrm/Air       #.........   100%        6    #######
 Freezing Cloud           Conj/Ice/Air   #.........   100%        6    #######
 Invisibility             Hex            #.......     100%        6    #######
 Ozocubu's Refrigeration  Ice            #.........   100%        6    #######
 Simulacrum               Ice/Necr       #.........   100%        6    #######
 Dragon Form              Tmut           #.........   100%        7    #######
 Ring of Flames           Chrm/Fire      #.........   100%        7    #######
 Ignition                 Fire           #.........   100%        8    #######
 Dragon's Call            Summ           #.........   100%        9    #######
 Tornado                  Air            #.........   100%        9    #######


Dungeon Overview and Level Annotations

Branches:
Dungeon (15/15)            Temple (1/1) D:6            Lair (6/6) D:10
  Swamp (4/4) Lair:2        Snake (4/4) Lair:2        Slime (0/5) Lair:6
    Orc (2/2) D:10            Elf (0/3) Orc:2        Vaults (5/5) D:13
  Crypt (0/3) Vaults:2     Depths (0/5) D:15

Altars:
Ashenzari
Cheibriados
Dithmenos
Elyvilon
Fedhas
Gozag
Hepliaklqana
Kikubaaqudgha
Makhleb
Nemelex Xobeh
Okawaru
Qazlal
Ru
Sif Muna
Trog
Uskayaw
Vehumet
Wu Jian
Xom
Yredelemnul
Zin
The Shining One
Beogh

Shops:
D:6 *   Orc:1 *   Orc:2 ([[*   Vaults:1 *   Vaults:5 ??%%?%%!!

Portals:
Trove: D:11 (give +2 gold dragon scales)


Innate Abilities, Weirdness & Mutations

You have a pair of large antennae on your head. (SInv)
You are completely covered in yellow scales. (AC +4, rCorr)
A powerful demonic guardian rushes to your aid.
You regenerate a lot of health from kills.
You are robust. (+10% HP)


Message History

You destroy the large abomination!
Dithmenos accepts your kill.
You block the ironbrand convoker's attack.
The ironbrand convoker barely misses you.
Unknown command.
You closely miss the vault warden.
The vault warden is almost dead.
Your shadow hits the vault warden with a spear.
You kill the vault warden!
Dithmenos accepts your kill.
Your cacodemon hits the ironbrand convoker!
Your cacodemon hits the ironbrand convoker.
You puncture the ironbrand convoker!
The ironbrand convoker is moderately wounded.
Your shadow closely misses the ironbrand convoker.
The ironbrand convoker begins to recite a word of recall!
The tengu reaver hits you with a +2 long sword of holy wrath!!!
* * * LOW HITPOINT WARNING * * *
You convulse!!
You die...

#..##......###.....
#..##.......#######
#..###.......# #..#
##......{ { #..#
#......{ #.)#
#........
#§§##......
#§§#§..# #§@p).#
#p§Q.##### ###
#2.*)..... ...
#......... ...
#.......... ...
#.......... ...
#....###### ###
#.....# #..#.... .#


You could see a tengu reaver, 2 ironbrand convokers, a battlesphere and a
friendly cacodemon.

Vanquished Creatures
  An ancient lich (Vaults:5)
  Frederick (Vaults:3)
  Bai Suzhen (Vaults:4)
  Boris (twice) (Vaults:2 Vaults:4)
  Xtahua (Vaults:2)
  A bone dragon (Swamp:4)
  2 tentacled monstrosities
  A quicksilver dragon (Vaults:5)
  7 titans (Vaults:5)
  Kirke (D:12)
  2 tengu reavers
  2 shadow dragons (Vaults:5)
  A thorn hunter (Swamp:1)
  A draconian monk (Abyss:3)
  6 nagarajas (Snake:4)
  A fire giant (Vaults:2)
  Donald (Orc:1)
  2 frost giants
  Aizul (Vaults:3)
  14 vault wardens
  16 ironheart preservers
  2 entropy weavers (Vaults:3)
  5 war gargoyles
  7 very ugly things
  6 stone giants
  2 deep elf annihilators
  A white draconian (IceCv)
  Snorg (D:10)
  2 deep elf death magi (Vaults:4)
  An ettin (Vaults:4)
  2 deep elf high priests (Vaults:5)
  11 yaktaur captains
  Erolcha (D:9)
  4 fire dragons
  A rakshasa (Vaults:2)
  22 vault guards
  7 hydras
  2 ghost crabs (Swamp:4)
  2 ice dragons
  4 great orbs of eyes
  25 naga warriors
  A catoblepas (D:14)
  3 shambling mangroves
  A death knight (Vaults:5)
  7 anacondas
  12 centaur warriors
  10 alligators
  6 death yaks
  A vampire mage (Vaults:2)
  13 ogre magi
  3 deep troll earth magi
  2 deep troll shamans
  40 two-headed ogres
  10 naga sharpshooters
  10 shock serpents
  A sun demon (Abyss:3)
  A thrashing horror (Abyss:3)
  8 deep elf knights
  A wretched star (Abyss:3)
  A sixfirhy (Abyss:3)
  A hell knight (Vaults:3)
  A fire crab (shapeshifter) (Vaults:3)
  2 shadow wraiths (Vaults:3)
  2 salamander mystics
  2 skeletal warriors (Volcano)
  4 deep trolls
  3 unseen horrors
  6 naga ritualists
  3 swamp dragons
  A spriggan druid (Swamp:3)
  2 spectral hydras (Swamp:4)
  19 ironbrand convokers
  A phantasmal warrior (Vaults:5)
  3 wizards
  6 deep elf archers
  A harpy (Vaults:4)
  2 anaconda skeletons (Volcano)
  13 orc knights
  2 necromancers (Vaults:1)
  12 deep elf magi
  5 mana vipers
  5 orc sorcerers
  2 lindwurms (Lair:6)
  23 ugly things
  3 oklob plants
  5 wolf spiders
  A frost giant zombie (Vaults:1)
  6 salamanders
  7 cyclopes
  4 elephants
  A stone giant zombie (Abyss:3)
  A manticore (D:15)
  A sphinx skeleton (Vaults:1)
  A worldbinder (Abyss:3)
  5 guardian serpents
  21 vault sentinels
  Psyche (D:8)
  32 black mambas
  5 smoke demons (Abyss:3)
  4 gargoyles
  17 naga magi
  2 kobold demonologists (D:15)
  4 torpor snails (Lair:6)
  8 rime drakes
  17 spiny frogs
  An orange demon (Abyss:3)
  3 komodo dragons
  An efreet (Abyss:3)
  34 yaktaurs
  A yaktaur (shapeshifter) (Vaults:4)
  A demonic crawler (Abyss:3)
  4 freezing wraiths
  5 swamp worm zombies (Swamp:4)
  2 hydra zombies (Swamp:4)
  15 polar bears
  2 ancient zymes (Abyss:3)
  7 trolls
  3 meliai (D:15)
  6 blink frogs
  25 hornets
  2 raiju (Abyss:3)
  9 tyrant leeches
  2 harpy skeletons
  12 slime creatures
  4 dream sheep (Lair:6)
  2 alligator zombies (Swamp:4)
  10 hippogriffs
  13 bog bodies
  3 flying skulls
  2 spectral swamp dragons (Swamp:4)
  6 large abominations
  10 shadows
  A tarantella (Vaults:3)
  A vampire (D:13)
  7 redbacks
  8 spriggans
  A ynoxinul (Abyss:3)
  2 hogs
  11 wyverns
  3 wraiths
  38 yaks
  A chaos spawn (Abyss:3)
  A basilisk (Lair:2)
  2 hungry ghosts
  A steam dragon (D:14)
  13 vampire mosquitoes
  22 insubstantial wisps
  43 nagas
  2 wargs
  14 swamp worms
  3 acid dragons
  9 porcupines
  23 water moccasins
  5 ice beasts
  3 swamp drakes
  5 sky beasts
  A necrophage (Swamp:3)
  22 orc warriors
  5 swamp dragon zombies (Swamp:4)
  7 phantoms (Swamp:4)
  An ogre (shapeshifter) (Vaults:3)
  18 wolves
  3 small abominations (Abyss:3)
  57 ogres
  17 centaurs
  6 boggarts (Vaults:1)
  5 big kobolds
  9 crocodiles
  A human zombie (Vaults:1)
  16 bullfrogs
  A glowing shapeshifter simulacrum (Vaults:1)
  2 scorpions
  A snapping turtle simulacrum (Abyss:3)
  11 killer bees
  2 human simulacra (Vaults:1)
  A wight (Vaults:2)
  3 electric eels (Lair:5)
  3 howler monkeys
  4 bullfrog zombies
  4 crimson imps
  6 hounds
  13 orc priests
  2 centaur zombies
  11 jellies
  A bullfrog skeleton (D:12)
  Crazy Yiuf (D:7)
  23 orc wizards
  3 centaur skeletons
  11 iguanas
  A spectral swamp drake (Swamp:4)
  9 hell rats
  9 worker ants
  2 naga skeletons (Volcano)
  A hound skeleton (D:6)
  A howler monkey zombie (D:10)
  4 gnolls
  2 swamp drake zombies (Swamp:4)
  12 adders
  A howler monkey skeleton (D:8)
  A river rat (D:10)
  3 shadow imps
  A white imp (Abyss:3)
  17 oozes
  2 adder skeletons
  2 adder zombies
  2 worms
  A dart slug (D:1)
  3 leopard geckos
  79 orcs
  3 bats
  5 giant cockroaches
  7 goblins
  4 hobgoblins
  8 jackals
  6 quokkas
  4 frilled lizards
  21 kobolds
  A leopard gecko skeleton (D:6)
  A quokka skeleton (D:4)
  9 rats
  4 plants
1472 creatures vanquished.

Vanquished Creatures (collateral kills)
  Sojobo (Vaults:2)
  2 tengu reavers (Vaults:5)
  2 nagarajas
  2 fire giants (Vaults:5)
  A cacodemon (Abyss:3)
  4 vault wardens
  An ironheart preserver (Vaults:1)
  An entropy weaver (Vaults:3)
  2 very ugly things (Vaults:5)
  Nessos (Orc:2)
  A deep elf annihilator (Vaults:5)
  A deep elf high priest (Vaults:5)
  2 yaktaur captains (Vaults:5)
  5 ogre magi
  2 naga warriors (Snake:4)
  3 vault guards
  2 hydras (Lair:6)
  A ghost crab (Swamp:4)
  A two-headed ogre (shapeshifter) (Vaults:4)
  3 alligators
  A centaur warrior (D:13)
  16 two-headed ogres
  A queen ant (shapeshifter) (Vaults:5)
  A shadow wraith (D:13)
  A naga ritualist (Snake:2)
  2 deep elf archers
  2 ironbrand convokers
  A spectral hydra (Swamp:4)
  A phantasmal warrior (Vaults:5)
  5 ugly things
  2 mana vipers
  2 deep elf magi
  5 oklob plants
  2 cyclopes
  An orc sorcerer (Vaults:1)
  A centaur zombie (D:13)
  2 salamanders (Snake:2)
  A torpor snail (Lair:6)
  2 elephants (Lair:5)
  A vault sentinel (Vaults:5)
  3 naga magi
  A guardian serpent (Snake:2)
  2 black mambas
  A rime drake (Lair:4)
  4 yaktaurs
  3 spiny frogs
  A freezing wraith (D:13)
  2 trolls
  A hornet (shapeshifter) (Vaults:5)
  A tyrant leech (Swamp:1)
  A raiju (Abyss:3)
  4 blink frogs
  A polar bear (IceCv)
  A slime creature (shapeshifter) (Vaults:5)
  A dream sheep (shapeshifter) (Vaults:5)
  A hippogriff (D:13)
  A hornet (Swamp:1)
  A spriggan (Swamp:3)
  A vampire (D:13)
  6 yaks
  A basilisk (Lair:5)
  5 vampire mosquitoes
  An elf skeleton (Vaults:1)
  A swamp worm (Swamp:1)
  6 nagas
  An insubstantial wisp (Abyss:3)
  2 water moccasins (Lair:6)
  An orc warrior (Orc:1)
  9 ogres
  A boggart (Vaults:2)
  A centaur (shapeshifter) (Vaults:5)
  2 scorpions (D:7)
  An orc wizard (D:3)
  An iguana (D:9)
  A hell rat (Lair:6)
  2 gnolls (D:2)
  4 orcs
  A bat (D:3)
  A jackal (D:9)
  A frilled lizard (D:3)
  A kobold (D:10)
169 creatures vanquished.

Vanquished Creatures (others)
  A tengu reaver (Vaults:2)
  A vault warden (Vaults:3)
  An ironheart preserver (Vaults:5)
  An alligator (Swamp:4)
  A naga mage (Snake:4)
  A wyvern (shapeshifter) (Vaults:5)
  A yak (IceCv)
  7 insubstantial wisps (Swamp:4)
  A boggart (Vaults:1)
  A crocodile (Lair:1)
  An orc (Vaults:1)
  6 fungi
  A lurking horror (Abyss:3)
  13 plants
  A withered plant (Swamp:3)
38 creatures vanquished.

Grand Total: 1679 creatures vanquished

Notes
Turn   | Place    | Note
-------+----------+-------------------------------------------
     0 | D:1      | troglodite the Demonspawn Fighter began the quest for the
                  | Orb.
     0 | D:1      | Reached XP level 1. HP: 18/18 MP: 1/1
   163 | D:1      | Gained mutation: A weak demonic guardian rushes to your
                  | aid. [demonic ancestry]
   163 | D:1      | Reached XP level 2. HP: 24/24 MP: 2/2
   233 | D:1      | Reached skill level 3 in Shields
   699 | D:2      | Reached XP level 3. HP: 25/29 MP: 3/3
  1117 | D:2      | Reached XP level 4. HP: 29/35 MP: 4/4
  1669 | D:3      | Gained mutation: You are partially covered in yellow
                  | scales. (AC +2) [demonic ancestry]
  1669 | D:3      | Reached XP level 5. HP: 36/41 MP: 5/5
  1909 | D:3      | Found a burning altar of Makhleb.
  1915 | D:3      | Found a glowing golden altar of the Shining One.
  1915 | D:3      | Found an opulent altar of Gozag.
  1934 | D:3      | Found a glowing silver altar of Zin.
  1934 | D:3      | Found a basalt altar of Yredelemnul.
  1934 | D:3      | Found a shimmering altar of Xom.
  2076 | D:3      | Found a bloodstained altar of Trog.
  2242 | D:4      | Gained mutation: You regenerate a little health from kills.
                  | [demonic ancestry]
  2242 | D:4      | Reached XP level 6. HP: 46/48 MP: 6/6
  2545 | D:4      | Reached skill level 1 in Spellcasting
  2930 | D:5      | Entered Level 5 of the Dungeon
  3182 | D:5      | Reached skill level 1 in Dodging
  3182 | D:5      | Reached skill level 4 in Shields
  3182 | D:5      | Reached XP level 7. HP: 49/54 MP: 7/9
  3509 | D:6      | Got a dazzling shield
  3524 | D:6      | Identified the +6 shield "Haixudu" {Slay+2} (You found it
                  | on level 6 of the Dungeon)
  3541 | D:6      | Found a staircase to the Ecumenical Temple.
  3832 | Temple   | Entered the Ecumenical Temple
  4096 | Temple   | Became a worshipper of Dithmenos the Shadowed
  4172 | D:6      | Found Folotage's General Store.
  4239 | D:6      | Got a fine golden amulet
  4271 | D:6      | Identified the amulet of Jeziodoz {Faith Dex+2 Slay+4} (You
                  | found it on level 6 of the Dungeon)
  4350 | D:6      | Gained mutation: You have a pair of small antennae on your
                  | head. [demonic ancestry]
  4350 | D:6      | Reached XP level 8. HP: 60/60 MP: 11/11
  4363 | D:6      | Reached skill level 5 in Polearms
  4372 | D:6      | Reached skill level 5 in Shields
  4618 | D:6      | Reached * piety under Dithmenos
  5176 | D:7      | Reached skill level 5 in Armour
  5182 | D:7      | Reached skill level 6 in Shields
  5281 | D:7      | Found a blossoming altar of Fedhas.
  5286 | D:7      | Got a slimy long sword
  5313 | D:7      | Identified the +7 long sword of Bocvi {slice, Str+4 Int-4
                  | SInv} (You found it on level 7 of the Dungeon)
  5319 | D:7      | Found a glowing golden altar of the Shining One.
  5319 | D:7      | Found a glowing silver altar of Zin.
  5406 | D:7      | Reached skill level 5 in Fighting
  5509 | D:7      | Gained mutation: You are mostly covered in yellow scales.
                  | (AC +3) [demonic ancestry]
  5509 | D:7      | Reached XP level 9. HP: 68/68 MP: 13/13
  5519 | D:7      | Found a runed translucent door.
  5520 | D:7      | Noticed Crazy Yiuf
  5531 | D:7      | Killed Crazy Yiuf
  5659 | D:7      | Noticed a cyclops
  5665 | D:7      | Killed a cyclops
  5665 | D:7      | Reached skill level 1 in Long Blades
  6232 | D:8      | Reached ** piety under Dithmenos
  6378 | D:8      | Found a snail-covered altar of Cheibriados.
  6380 | D:8      | Noticed Psyche
  6386 | D:8      | Killed Psyche
  6583 | D:9      | Noticed Erolcha
  6587 | D:9      | Reached skill level 7 in Shields
  6596 | D:9      | Killed Erolcha
  6596 | D:9      | Reached skill level 5 in Long Blades
  6596 | D:9      | Gained mutation: You regenerate health from kills. [demonic
                  | ancestry]
  6596 | D:9      | Reached XP level 10. HP: 69/76 MP: 14/14
  6631 | D:9      | Reached skill level 1 in Stealth
  6809 | D:9      | Reached *** piety under Dithmenos
  6997 | D:9      | Reached skill level 8 in Shields
  7270 | D:9      | Got a pair of scorched boots
  7279 | D:9      | Identified the +1 pair of boots of Idealism {Str+5 Int-5}
                  | (You found it on level 9 of the Dungeon)
  7279 | D:9      | Lost intelligence.
  7491 | D:10     | Entered Level 10 of the Dungeon
  7491 | D:10     | Found a staircase to the Orcish Mines.
  7491 | D:10     | Noticed Snorg
  7504 | D:10     | Killed Snorg
  7754 | D:10     | Noticed a four-headed hydra
  7803 | D:10     | Got a smoking spear
  7804 | D:10     | Identified the +12 spear of the Endless Queens {pierce,
                  | +Inv rF+} (You found it on level 10 of the Dungeon)
  7811 | D:10     | Killed a four-headed hydra
  7989 | D:10     | Identified the +6 leather armour of Repulsion {rPois rC+
                  | rCorr Str+3}
  8001 | D:10     | Gained mutation: You regenerate a lot of health from kills.
                  | [demonic ancestry]
  8001 | D:10     | Reached XP level 11. HP: 83/83 MP: 15/15
  8102 | D:10     | Reached **** piety under Dithmenos
  8135 | D:10     | You fall through a shaft for 3 floors!
  8197 | D:13     | Got a dazzling war axe
  8198 | D:13     | Identified the +8 war axe of the Kidney {chop, rF+ Int-2
                  | Dex+3} (You found it on level 13 of the Dungeon)
  8388 | D:11     | Noticed a two-headed ogre
  8400 | D:11     | Killed a two-headed ogre
  8509 | D:11     | Reached skill level 9 in Shields
  8810 | D:11     | Found a portal to a secret trove of treasure.
  9009 | D:11     | Noticed a two-headed ogre
  9013 | D:11     | Killed a two-headed ogre
  9261 | D:10     | Noticed a death yak
  9275 | D:10     | Noticed a death yak
  9276 | D:10     | Killed a death yak
  9304 | D:10     | Killed a death yak
  9312 | D:10     | Reached ***** piety under Dithmenos
  9351 | D:10     | Found a staircase to the Lair.
  9480 | D:10     | Found the +1 cloak of Starlight {rElec rC+ EV+4 Stlth--}
  9483 | D:10     | Got a dazzling chain mail
  9561 | D:10     | Identified the +6 chain mail of Weike {SInv} (You found it
                  | on level 10 of the Dungeon)
 10145 | D:12     | Noticed Kirke
 10150 | D:12     | Noticed a harpy
 10150 | D:12     | Noticed a harpy
 10214 | D:12     | Killed Kirke
 10214 | D:12     | Gained mutation: A demonic guardian rushes to your aid.
                  | [demonic ancestry]
 10214 | D:12     | Reached XP level 12. HP: 69/91 MP: 16/16
 10590 | D:13     | Noticed a two-headed ogre
 10595 | D:13     | Killed a two-headed ogre
 10606 | D:13     | Noticed a centaur warrior
 10615 | D:13     | Killed a centaur warrior
 10615 | D:13     | Reached skill level 10 in Shields
 10624 | D:13     | Noticed a vault guard
 10626 | D:13     | Noticed a centaur warrior
 10645 | D:13     | Killed a vault guard
 10657 | D:13     | Killed a centaur warrior
 10738 | D:13     | Found a gate to the Vaults.
 10838 | D:13     | Noticed a centaur warrior
 10849 | D:13     | Killed a centaur warrior
 11326 | Orc:1    | Entered Level 1 of the Orcish Mines
 11433 | Orc:1    | Noticed a two-headed ogre
 11437 | Orc:1    | Killed a two-headed ogre
 11445 | Orc:1    | Found Udwiluc's Assorted Antiques.
 11875 | Orc:2    | Entered Level 2 of the Orcish Mines
 11927 | Orc:2    | Found a frozen archway.
 11935 | IceCv    | Entered an ice cave
 11947 | IceCv    | Reached ****** piety under Dithmenos
 12001 | IceCv    | Got a bone falchion
 12188 | IceCv    | Reached skill level 11 in Shields
 12317 | IceCv    | Identified the +4 falchion of Tudaogg {flame, rElec rF++}
                  | (You found it in an ice cave)
 12419 | IceCv    | Noticed a white draconian
 12426 | IceCv    | Reached XP level 13. HP: 98/98 MP: 17/17
 12452 | IceCv    | Killed a white draconian
 12452 | IceCv    | Reached skill level 10 in Polearms
 12545 | IceCv    | Identified the Tome of Harmful Clay
 12873 | Orc:2    | Found a staircase to the Elven Halls.
 12957 | Orc:2    | Noticed Nessos
 13163 | Orc:2    | Noticed Donald
 13299 | Orc:1    | Killed Donald
 13426 | Orc:2    | Reached skill level 12 in Shields
 13435 | Orc:2    | Killed Nessos
 13531 | Orc:2    | Found a roughly hewn altar of Beogh.
 13860 | Orc:2    | Found Difydyos's Weapon Boutique.
 13860 | Orc:2    | Found Niacaqud's Antique Armour Emporium.
 13860 | Orc:2    | Found Xikhonux's Armour Emporium.
 13860 | Orc:2    | Found Ykhletwann's General Store.
 13921 | Orc:2    | Bought a pair of glowing gloves for 187 gold pieces
 14105 | Orc:1    | Bought a scroll of identify for 64 gold pieces
 14240 | D:6      | Bought a scroll of magic mapping for 49 gold pieces
 14341 | Lair:1   | Entered Level 1 of the Lair of Beasts
 14562 | Lair:1   | Found a glowing silver altar of Zin.
 15257 | Lair:2   | Reached XP level 14. HP: 108/108 MP: 19/19
 15680 | Lair:2   | Found a staircase to the Swamp.
 15890 | Lair:2   | Found a staircase to the Snake Pit.
 16136 | Lair:3   | Found a dark tunnel.
 16141 | Volcano  | Entered a volcano
 16558 | Lair:3   | Got a crude war axe
 16559 | Lair:3   | Identified the +6 war axe of Disaster {drain, Int+2 Dex+6}
                  | (You found it on level 3 of the Lair of Beasts)
 17017 | Lair:3   | You fall through a shaft!
 19217 | Lair:6   | Entered Level 6 of the Lair of Beasts
 19232 | Lair:6   | Reached skill level 5 in Spellcasting
 19510 | Lair:6   | Reached skill level 13 in Shields
 19520 | Lair:6   | Reached skill level 10 in Fighting
 19737 | Lair:6   | Reached XP level 15. HP: 102/115 MP: 22/22
 19771 | Lair:6   | Got a slimy cloak
 19782 | Lair:6   | Identified the +1 cloak of Pirywk {rElec rN+} (You found it
                  | on level 6 of the Lair of Beasts)
 20068 | Lair:6   | Found a runed translucent door.
 20238 | Lair:6   | Got an ancient leather armour
 20260 | Lair:6   | Identified the +2 leather armour "Dugomei" {rCorr} (You
                  | found it on level 6 of the Lair of Beasts)
 20491 | Lair:6   | Found a staircase to the Slime Pits.
 20833 | Swamp:1  | Entered Level 1 of the Swamp
 21012 | Swamp:1  | Noticed a thorn hunter
 21027 | Swamp:1  | Killed a thorn hunter
 21599 | Swamp:2  | Reached skill level 14 in Shields
 21837 | Swamp:2  | Got a steaming leather armour
 21848 | Swamp:2  | Identified the +1 leather armour "Pukh" {rC+} (You found it
                  | on level 2 of the Swamp)
 22086 | Swamp:2  | Reached skill level 10 in Armour
 22259 | Swamp:3  | Reached skill level 10 in Long Blades
 22621 | Swamp:3  | Noticed a tentacled monstrosity
 22640 | Swamp:3  | Killed a tentacled monstrosity
 22655 | Swamp:3  | Gained mutation: You are completely covered in yellow
                  | scales. (AC +4, rCorr) [demonic ancestry]
 22655 | Swamp:3  | Reached XP level 16. HP: 123/124 MP: 25/25
 23295 | Swamp:4  | Entered Level 4 of the Swamp
 23543 | Swamp:4  | Identified 2 scrolls of acquirement
 23564 | Swamp:4  | Got a slimy emerald amulet
 23566 | Swamp:4  | Identified the amulet of the Griffon {*Drain Regen+ Int+2
                  | Dex+3} (You acquired it on level 4 of the Swamp)
 23816 | Swamp:4  | Noticed a bone dragon
 23871 | Swamp:4  | Killed a bone dragon
 23897 | Swamp:4  | Got a decaying rune of Zot
 23932 | Swamp:4  | Reached skill level 15 in Shields
 25207 | D:15     | Entered Level 15 of the Dungeon
 25844 | D:15     | Found a staircase to the Depths.
 26086 | Snake:1  | Entered Level 1 of the Snake Pit
 26878 | Snake:1  | You fall through a shaft!
 27340 | Snake:2  | Gained mutation: You are robust. (+10% HP) [demonic
                  | ancestry]
 27340 | Snake:2  | Reached XP level 17. HP: 124/142 MP: 27/27
 27452 | Snake:2  | Identified the +3 halberd of the Queen {pain, rElec rF+
                  | Dex-2}
 28174 | Snake:3  | Reached skill level 16 in Shields
 28704 | Snake:4  | Entered Level 4 of the Snake Pit
 29021 | Snake:4  | Cast into level 3 of the Abyss (naga warrior)
 29378 | Abyss:3  | Reached skill level 5 in Dodging
 29437 | Snake:4  | Escaped the Abyss
 29865 | Snake:4  | Gained mutation: You have a pair of antennae on your head.
                  | [demonic ancestry]
 29865 | Snake:4  | Reached XP level 18. HP: 153/153 MP: 30/30
 30494 | Snake:4  | Reached skill level 17 in Shields
 30613 | Snake:4  | Got a serpentine rune of Zot
 31385 | Vaults:1 | Entered Level 1 of the Vaults
 31749 | Vaults:1 | Reached skill level 5 in Stealth
 32304 | Vaults:1 | Found Irarucud's General Store.
 32777 | Vaults:1 | Gained mutation: You have a pair of large antennae on your
                  | head. (SInv) [demonic ancestry]
 32777 | Vaults:1 | Reached XP level 19. HP: 163/163 MP: 31/31
 33110 | Vaults:2 | Noticed Boris
 33145 | Vaults:2 | Killed Boris
 33493 | Vaults:2 | Got an ancient glass ring
 33504 | Vaults:2 | Identified the ring "Gioddacs" {rPois rC+ rN++ MP+9 Stlth-}
                  | (You found it on level 2 of the Vaults)
 33602 | Vaults:2 | Noticed Sojobo
 33657 | Vaults:2 | Killed Sojobo
 33984 | Vaults:2 | Reached skill level 18 in Shields
 34041 | Vaults:2 | Noticed Xtahua
 34062 | Vaults:2 | Killed Xtahua
 34482 | Vaults:2 | Found a staircase to the Crypt.
 35334 | Vaults:3 | Noticed Frederick
 35354 | Vaults:3 | Killed Frederick
 35650 | Vaults:3 | Reached XP level 20. HP: 150/172 MP: 33/33
 36803 | Vaults:3 | Noticed Aizul
 36821 | Vaults:3 | Killed Aizul
 37406 | Vaults:4 | Noticed Boris
 37424 | Vaults:4 | Killed Boris
 37543 | Vaults:4 | Noticed Bai Suzhen
 37568 | Vaults:4 | Killed Bai Suzhen
 37568 | Vaults:4 | Reached skill level 10 in Spellcasting
 38317 | Vaults:4 | Reached skill level 15 in Polearms
 38669 | Vaults:5 | Entered Level 5 of the Vaults
 38737 | Vaults:4 | Reached skill level 19 in Shields
 39424 | Vaults:5 | Gained mutation: A powerful demonic guardian rushes to your
                  | aid. [demonic ancestry]
 39424 | Vaults:5 | Reached XP level 21. HP: 79/181 MP: 35/35
 39881 | Vaults:5 | Reached skill level 15 in Fighting
 39913 | Vaults:5 | Noticed an ancient lich
 39940 | Vaults:5 | Killed an ancient lich
 39944 | Vaults:5 | Found Xist's Magic Scroll Boutique.
 39951 | Vaults:5 | Bought a scroll of acquirement for 988 gold pieces
 40261 | Vaults:5 | Noticed a golden dragon
 40303 | Vaults:5 | Found Qoromiod's Food Shop.
 40320 | Vaults:5 | Found Liveam's Food Emporium.
 40320 | Vaults:5 | Found Juso's Food Shop.
 40350 | Vaults:5 | Got a silver rune of Zot
 40365 | Vaults:5 | Found Piumuoki's Distillery.
 40365 | Vaults:5 | Found Cetz's Distillery.
 40377 | Vaults:5 | Bought a potion of heal wounds for 80 gold pieces
 40386 | Vaults:5 | Found Cacom's Magic Scroll Shoppe.
 40398 | Vaults:5 | Bought a scroll of teleportation for 33 gold pieces
 40398 | Vaults:5 | Bought a scroll of teleportation for 33 gold pieces
 40407 | Vaults:5 | Found Zaomnamo's Food Shoppe.
 40407 | Vaults:5 | Found Ontipnir's Magic Scroll Boutique.
 40447 | Vaults:5 | Bought a scroll of teleportation for 54 gold pieces
 40450 | Vaults:5 | Got a sparkling amber ring
 40451 | Vaults:5 | Identified the ring "Foemmu" {*Corrode rN+ MP+9 Int+2
                  | Stlth+} (You acquired it on level 5 of the Vaults)
 40644 | Vaults:5 | Noticed an ancient lich
 40665 | Vaults:5 | Paralysed by an ancient lich for 4 turns
 40853 | Vaults:5 | Slain by a tengu reaver

Skill      XL: |  1  2  3  4  5  6  7  8  9 10 11 12 13 14 15 16 17 18 19 20 21 |
---------------+----------------------------------------------------------------+-----
Shields        | 3 4 6 7 8 9 11 12 13 14 15 16 17 18 19 | 19.7
Polearms       | 2 3 4 6 8 9 11 12 13 14 15 | 15.4
Armour         | 3 4 5 6 7 8 9 10 11 12 13 | 13.2
Spellcasting   | 1 2 3 5 6 7 8 9 10 | 10.9
Fighting       | 4 5 6 7 8 9 10 11 12 13 14 15 | 15.5
Dodging        | 1 2 3 4 5 6 7 |  7.7
Long Blades    | 5 6 7 8 9 10 11 12 | 12.9
Stealth        | 1 3 4 5 6 |  6.8

Action                   |  1- 3 |  4- 6 |  7- 9 | 10-12 | 13-15 | 16-18 | 19-21 || total
-------------------------+-------+-------+-------+-------+-------+-------+-------++-------
Melee: Trident           |   110 |   250 |   165 |       |       |       |       ||   525
       Long sword        |       |       |    83 |    89 |       |       |       ||   172
       Spear             |       |       |       |   480 |  1415 |  2334 |  2009 ||  6238
  Use: Scroll            |       |       |     8 |     3 |    15 |    10 |    13 ||    49
       Potion            |       |       |       |       |     6 |       |     5 ||    11
 Stab: Distracted        |       |       |     4 |     5 |     7 |    30 |    28 ||    74
       Sleeping          |       |       |       |     8 |       |       |    24 ||    32
  Eat: Chunk             |     1 |     7 |     8 |    13 |    13 |    15 |    15 ||    72
       Ration            |       |       |     1 |     2 |     6 |     6 |     3 ||    18
Armor: Scale mail        |    34 |    83 |       |       |       |       |       ||   117
       Chain mail        |       |       |    53 |    87 |   134 |   253 |       ||   527
       Ring mail         |       |       |       |    12 |       |       |       ||    12
       Leather armour    |       |       |       |    20 |       |       |   162 ||   182
Dodge: Dodged            |    20 |    38 |    34 |   127 |   380 |   572 |   542 ||  1713
Block: Shield            |    52 |   152 |   176 |   409 |   739 |  1168 |  1085 ||  3781
       Reflection        |       |     3 |     1 |       |       |       |       ||     4
       Rpst.: Long sword |       |       |    14 |     9 |       |       |       ||    23
